 Dungeon Crawl Stone Soup version 0.16-a0-465-g631e55c (webtiles) character file.

752 PolkaDot the Slasher (level 7, 0/60 HPs)
             Began as a Vampire Chaos Knight on Sept 16, 2014.
             Was a Plaything of Xom.
             Slain by an anaconda (2 damage)
             ... on Level 5 of the Dungeon.
             The game lasted 00:23:04 (4870 turns).

PolkaDot the Slasher (Vampire Chaos Knight)         Turns: 4870, Time: 00:23:04

HP   0/60        AC  7     Str 17      XL: 7   Next: 49%
MP  10/10        EV 12     Int  9 (14) God: Xom
Gold 319         SH  0     Dex 16 (17) Spells:  1 memorised,  5 levels left

rFire  + . .     SeeInvis +     a - +1 falchion (chaos)
rCold  . . .     Clarity  .     b - +2 leather armour
rNeg   + . .     rCorr    .     (no shield)
rPois  .         rRot     .     (helmet restricted)
rElec  .         Spirit   .     t - +0 cloak
SustAb .         Warding  .     (no gloves)
rMut   .         Stasis   .     k - +0 pair of boots
Gourm  .                        q - amulet of rage
MR     .....                    m - +6 ring of strength
                                z - ring of protection from fire

@: about to teleport, constricted, not resistant to hostile enchantments, very
unstealthy
A: bottle blood, antennae 2, claws 1, fangs 3, talons 1, see invisible, agile 1,
robust 1, screaming 1, spit poison 1, wild magic 2, unbreathing, evolution 1
a: Spit Poison, Bat Form, Bottle Blood, Renounce Religion, Evoke Berserk Rage


You were on level 5 of the Dungeon.
You worshipped Xom.
You were a toy of Xom.
You were not thirsty.

You visited 1 branch of the dungeon, and saw 5 of its levels.

You collected 319 gold pieces.

Inventory:

Hand weapons
 a - a +1 falchion of chaos (weapon)
Armour
 b - a +2 leather armour (worn)
 k - a +0 pair of boots (worn)
 t - a +0 cloak (worn)
Magical devices
 v - a wand of slowing (6)
Scrolls
 f - a scroll of enchant armour {unknown}
 h - a scroll of summoning {unknown}
 i - a scroll of amnesia {unknown}
 n - a scroll of remove curse
 o - 3 scrolls of random uselessness
 p - 2 scrolls of enchant weapon
 r - 5 scrolls of teleportation
 u - a scroll of blinking
 y - a scroll of fear {unknown}
Jewellery
 d - an uncursed ring of protection from magic
 m - a +6 ring of strength (right claw)
 q - an amulet of rage (around neck)
 z - a ring of protection from fire (left claw)
Potions
 c - a potion of restore abilities
 e - a potion of brilliance
Books
 s - a book of the Dragon

   Spells                             Type                      Level
   *Flight                            Charms/Air                   3
   Cause Fear                         Hexes                        4
   Bolt of Fire                       Conjuration/Fire             6
   Dragon Form                        Transmutation                7
   Dragon's Call                      Summoning                    9


   Skills:
 - Level 4.5 Fighting
 * Level 7.1 Long Blades
 - Level 0.7 Armour
 - Level 2.1 Dodging
 - Level 1.4 Spellcasting
 + Level 2.5 Evocations


You had 5 spell levels left.
You knew the following spells:

 Your Spells              Type           Power        Failure   Level  Hunger
F - Flight                Chrm/Air       #.........   99%         3    ####...


Dungeon Overview and Level Annotations

Branches:
Dungeon (5/15)
 Temple: D:4-7

Altars:
Kikubaaqudgha
The Shining One


Innate Abilities, Weirdness & Mutations

You can bottle blood from corpses.
You have razor-sharp teeth.
You have supernaturally acute eyesight.
You can survive without breathing.
You have a pair of antennae on your head.
You have sharp fingernails.
You have sharp toenails.
You are agile. (Dex +2)
You are robust (+10% HP).
You occasionally shout uncontrollably at your foes.
You can spit poison.
Your spells are harder to cast, but more powerful.
You evolve.


Message History

* * * LOW HITPOINT WARNING * * *
x2 The anaconda constricts you.
Drink which item? (? for menu, Esc to quit)
Okay, then.
Evoke which item? (* to show all) (? for menu, Esc to quit)
Zapping:
v - a wand of slowing {zapped: 1}
Press: ? - help, Shift-Dir - straight line, f - anaconda
Aim: an anaconda (lightly wounded, constricting you)
The anaconda resists.
The anaconda closely misses you.
* * * LOW HITPOINT WARNING * * *
The anaconda constricts you. The anaconda bites you.
* * * LOW HITPOINT WARNING * * *
x2 The anaconda constricts you.
Evoke which item? (* to show all) (? for menu, Esc to quit)
Zapping:
v - a wand of slowing {zapped: 2}
Press: ? - help, Shift-Dir - straight line, f/p - anaconda
Aim: an anaconda (lightly wounded, constricting you)
The anaconda resists.
The anaconda barely misses you.
You die...
Xom giggles madly!

.############
#.>....S@...#
.....!)####.# #####
#.########
#........#
########.# ###.# ###
#...# #.###.##
##.###
#....#.###...#######


You could see an anaconda.

Vanquished Creatures
  A phantom (D:5)
  An ogre (D:5)
  Sigmund (D:3)
  A scorpion (D:5)
  A jelly (D:5)
  An iguana (D:4)
  2 orc wizards (D:5)
  4 worker ants
  Ijyb (D:3)
  Terence (D:2)
  4 gnolls (D:5)
  6 adders
  2 worms
  An ufetubus (D:5)
  An iguana skeleton (D:5)
  2 oozes
  2 orcs (D:5)
  A ball python (D:3)
  12 bats
  3 giant cockroaches
  18 hobgoblins
  2 jackals (D:3)
  5 quokkas
  A giant gecko (D:4)
  4 giant newts
  17 goblins
  A hobgoblin skeleton (D:4)
  5 kobolds
  A kobold zombie (D:5)
  An orc zombie (D:5)
  8 rats
111 creatures vanquished.

Vanquished Creatures (collateral kills)
  An orc priest (D:5)
  An adder (D:5)
  2 orcs (D:5)
  A rat (D:5)
5 creatures vanquished.

Vanquished Creatures (others)
  A human (D:5)
  A giant gecko (D:3)
  A hobgoblin (D:1)
  A jackal (D:3)
  2 goblins (D:3)
6 creatures vanquished.

Grand Total: 122 creatures vanquished

Notes
Turn   | Place    | Note
--------------------------------------------------------------
     0 | D:1      | PolkaDot, the Vampire Chaos Knight, began the quest for the Orb.
     0 | D:1      | Reached XP level 1. HP: 17/17 MP: 1/1
   333 | D:1      | XOM: silly message
   353 | D:1      | XOM: divination: magic mapping
   403 | D:1      | Reached XP level 2. HP: 18/23 MP: 2/2
   862 | D:2      | Reached XP level 3. HP: 7/29 MP: 3/3
   946 | D:2      | XOM: harmless Fire miscast
  1136 | D:2      | Noticed Terence
  1147 | D:2      | Killed Terence
  1147 | D:2      | Reached skill level 4 in Long Blades
  1168 | D:2      | XOM: divination: detect items
  1249 | D:2      | Reached XP level 4. HP: 30/35 MP: 4/4
  1295 | D:2      | XOM: silly message
  1642 | D:2      | Found a glowing golden altar of the Shining One.
  1701 | D:3      | XOM: stealth player
  1926 | D:3      | XOM: destruction
  1972 | D:3      | XOM: god gift: 34 gold pieces
  2013 | D:3      | Noticed Ijyb
  2034 | D:3      | Killed Ijyb
  2284 | D:3      | Reached XP level 5. HP: 38/42 MP: 5/5
  2437 | D:3      | Reached skill level 5 in Long Blades
  2441 | D:3      | XOM: divination: magic mapping
  2595 | D:3      | XOM: scenery: 1 doors close
  2601 | D:3      | Noticed Sigmund
  2615 | D:3      | Killed Sigmund
  2615 | D:3      | Reached skill level 1 in Spellcasting
  2625 | D:3      | Learned a level 3 spell: Flight
  3011 | D:4      | XOM: enchant monster (good)
  3018 | D:4      | Reached XP level 6. HP: 44/48 MP: 8/8
  3316 | D:4      | XOM: harmless Summ miscast
  3458 | D:5      | Entered Level 5 of the Dungeon
  3685 | D:5      | Reached skill level 6 in Long Blades
  3852 | D:5      | Reached skill level 1 in Evocations
  3934 | D:5      | Found an ancient bone altar of Kikubaaqudgha.
  3934 | D:5      | Noticed a human
  3938 | D:5      | Killed a human
  3991 | D:5      | XOM: medium Summ miscast
  4015 | D:4      | XOM: give mutations
  4015 | D:4      | Gained mutation: You are robust (+10% HP). [Xom's mischief]
  4015 | D:4      | Gained mutation: Your spells are a little harder to cast, but a little more powerful. [Xom's mischief]
  4015 | D:4      | Gained mutation: You occasionally shout uncontrollably at your foes. [Xom's mischief]
  4135 | D:5      | XOM: give mutations
  4135 | D:5      | Gained mutation: You have a pair of small antennae on your head. [Xom's grace]
  4135 | D:5      | Gained mutation: You have a pair of antennae on your head. [Xom's grace]
  4135 | D:5      | Gained mutation: You have sharp fingernails. [Xom's grace]
  4181 | D:5      | XOM: noise
  4185 | D:5      | Reached XP level 7. HP: 29/60 MP: 10/10
  4391 | D:5      | XOM: destruction
  4393 | D:5      | XOM: confusion
  4400 | D:5      | XOM: medium Conj miscast
  4405 | D:5      | XOM: cast spell 'Olgreb's Toxic Radiance'
  4407 | D:5      | XOM: enchant monster (bad)
  4410 | D:5      | HP: 3/60 [poisoned by you (toxic radiance)]
  4411 | D:5      | XOM: enchant monster (bad)
  4417 | D:5      | HP: 3/60 [poisoned by you (toxic radiance)]
  4424 | D:5      | HP: 3/60 [poisoned by you (toxic radiance)]
  4432 | D:5      | HP: 3/60 [poisoned by you (toxic radiance)]
  4463 | D:5      | XOM: enchant monster (good)
  4495 | D:5      | XOM: severe Divn miscast
  4496 | D:5      | XOM: medium Pois miscast
  4501 | D:5      | XOM: confusion (+ monsters)
  4700 | D:5      | XOM: mild Divn miscast
  4713 | D:5      | Reached skill level 7 in Long Blades
  4725 | D:5      | XOM: give mutations
  4725 | D:5      | Gained mutation: You have sharp toenails. [Xom's grace]
  4725 | D:5      | Gained mutation: You can spit poison. [Xom's grace]
  4725 | D:5      | Gained mutation: You are agile. (Dex +2) [Xom's grace]
  4725 | D:5      | Gained mutation: You evolve. [Xom's grace]
  4756 | D:5      | XOM: give mutation
  4756 | D:5      | Gained mutation: Your spells are harder to cast, but more powerful. [Xom's grace]
  4861 | D:5      | Noticed a hill giant
  4864 | D:5      | Noticed an anaconda
  4864 | D:5      | a hill giant changed into an anaconda
  4864 | D:5      | XOM: polymorph hill giant -> anaconda
  4869 | D:5      | HP: 2/60 [anaconda (3)]
  4870 | D:5      | Slain by an anaconda

Action                   |  1- 3 |  4- 6 |  7- 9 || total
-------------------------+-------+-------+-------++-------
Melee: Falchion          |    88 |   254 |    53 ||   395
 Abil: Bottle Blood      |       |     4 |       ||     4
       Evoke Berserk Rag |       |     2 |       ||     2
Evoke: Wand              |       |       |     3 ||     3
  Use: Potion            |     1 |     7 |     1 ||     9
       Scroll            |       |     8 |     2 ||    10
 Stab: Petrified         |       |     1 |     2 ||     3
       Petrifying        |       |     1 |     1 ||     2
       Paralysed         |       |     8 |     1 ||     9
       Confused          |       |     3 |       ||     3
  Eat: Corpse            |    11 |    19 |     1 ||    31
